 Dungeon Crawl Stone Soup version 0.30-a0-1085-g990a428a5c (webtiles) character file.

Game seed: 12900550577591885114

137 cforsyth the Conjurer (level 4, -4/73 HPs)
             Began as a Demigod Conjurer on Apr 16, 2023.
             Slain by a gnoll
             ... wielding a +0 whip
              (6 damage)
             ... on level 3 of the Dungeon.
             The game lasted 00:05:09 (3345 turns).

cforsyth the Conjurer (Demigod Conjurer)            Turns: 3345, Time: 00:05:09

Health: -4/73      AC: 22    Str: 12    XL:     4   Next: 69%
Magic:  11/11      EV:  2    Int: 20    God:
Gold:   135        SH:  0    Dex: 12    Spells: 8/9 levels left

rFire   + . .      SeeInvis .    j - +0 short sword
rCold   + . .      Faith    .    (no shield)
rNeg    . . .      Spirit   .    m - melded +1 chain mail {rC+}
rPois   +          Reflect  .    (helmet currently unavailable)
rElec   +          Rampage  .    (cloak currently unavailable)
rCorr   +          NoTele   +    l - melded +1 pair of gloves
Will    .....                    (boots currently unavailable) Stlth
                                 (no amulet)
HPRegen 0.32/turn                (no ring)
MPRegen 0.12/turn                (no ring)

@: berserking, tree-form, resistant, slowed
A: stationary, stasis, torment immunity, boosted hp, high MP 1, forlorn, divine
attributes
a: no special abilities


You were on level 3 of the Dungeon.
You were a tree.
You visited 1 branch of the dungeon, and saw 3 of its levels.

You collected 135 gold pieces.

Inventory:

Hand Weapons
 j - a +0 short sword (weapon)
Armour
 a - a +0 robe
 f - a +0 scale mail
 l - a +1 pair of gloves (melded)
 m - a +1 chain mail of cold resistance (melded)
Scrolls
 c - 2 scrolls of identify {unknown}
 d - a scroll of brand weapon {unknown}
 e - a scroll of silence {unknown}
 i - a scroll of enchant weapon {unknown}
 n - a scroll of immolation {unknown}
 p - a scroll of butterflies {unknown}
Potions
 b - 2 potions of magic
 g - a potion of resistance
 k - a potion of lignification
 o - a potion of berserk rage
 q - a potion of mutation {unknown}


   Skills:
 - Level 2.1 Dodging
 - Level 2.2 Stealth
 + Level 3.1 Spellcasting
 + Level 4.6 Conjurations


You had 8 spell levels left.
You knew the following spells:

 Your Spells              Type           Power      Damage    Failure   Level
a - Magic Dart            Conj           84%        1d7       2%          1

Your spell library contained the following spells:

 Spells                   Type           Power      Damage    Failure   Level
 Searing Ray              Conj           42%        2d6       3%          2
 Summon Small Mammal      Summ           12%        N/A       14%         1
 Dazzling Flash           Conj/Hex       24%        N/A       16%         3
 Call Canine Familiar     Summ           3%         N/A       38%         3
 Summon Guardian Golem    Hex/Summ       3%         N/A       38%         3
 Fulminant Prism          Conj/Hex       6%         3d7       47%         4
 Iskenderun's Mystic Bla  Conj/Tloc      12%        2d5       47%         4


Dungeon Overview and Level Annotations

Branches:
Dungeon (3/15)

Shops:
D:2 **[*


Innate Abilities, Weirdness & Mutations

You are a tree.
Your roots penetrate the ground, keeping you stationary.
You cannot be teleported.
You are immune to unholy pain and torment.
Your maximum health is greatly increased.
Your equipment is partially melded.
You have an increased reservoir of magic. (+10% MP)
You shall have no god before yourself.
Your divine heritage dramatically boosts your attributes as you level up.


Message History

Natasha claws you!
* * * LOW HITPOINT WARNING * * *
Unknown command.
It was a potion of resistance.
You feel protected.
The gnoll shouts!
Natasha claws you but does no damage.
It was a potion of lignification.
You turn into a tree.
Your +1 pair of gloves melds into your body.
Your +1 chain mail of cold resistance melds into your body.
You feel less resistant to cold.
Your roots penetrate the ground.
Natasha claws you but does no damage.
Natasha stares at you and mumbles some strange words.
The magic dart hits you but does no damage.
It was a potion of berserk rage.
A red film seems to cover your vision as you go berserk!
You feel yourself moving faster!
You feel mighty!
Natasha stares at you and mumbles some strange words.
The magic dart hits you but does no damage.
You barely miss Natasha.
Natasha is moderately wounded.
Natasha casts a spell at you. The magic dart hits you.
* * * LOW HITPOINT WARNING * * *
A gnoll comes into view. It is wielding a +0 flail.
A gnoll comes into view. It is wielding a +0 spear.
The gnoll shouts! x2
You puncture Natasha!
You kill Natasha!
Natasha yowls pathetically as she dies!
The gnoll hits you but does no damage.
Your Spellcasting skill increases to level 3!
You barely miss the gnoll. The gnoll hits you but does no damage.
You hit the gnoll.
The gnoll is heavily wounded.
The gnoll barely misses you.
You barely miss the gnoll.
The gnoll is heavily wounded.
The gnoll hits you with a +0 whip.
You die...

.... <. ....#
.# ....$## .# #
#.#....#.## .#
#.........#..
........... .#
.......†.#...#
.......♣g:...#
..........g....
....[..†..g..#.
##
..........#..#
...###
........... ...
.o....
..........#. ..
#.
#....$.$##..# #
## #.#####.#
.## ....[)
...###


You could see 3 gnolls.

Vanquished Creatures
  Natasha (D:3)
  4 adders
  2 worms (D:2)
  A dart slug (D:1)
  An orc (D:2)
  4 ball pythons
  5 endoplasms
  3 giant cockroaches
  5 goblins
  6 hobgoblins
  10 jackals
  2 quokkas
  5 bats
  4 frilled lizards
  4 kobolds
  7 rats
64 creatures vanquished.

Notes
Turn   | Place    | Note
-------+----------+-------------------------------------------
     0 | D:1      | cforsyth the Demigod Conjurer began the quest for the Orb.
     0 | D:1      | Reached XP level 1. HP: 14/14 MP: 5/5
   287 | D:1      | Reached XP level 2. HP: 5/20 MP: 0/7
  1504 | D:2      | Reached skill level 4 in Conjurations
  1504 | D:2      | Reached XP level 3. HP: 25/26 MP: 0/9
  1853 | D:2      | Found Foat's Armour Shop.
  1888 | D:2      | Found Lirizuf Use's Assorted Antiques.
  2049 | D:2      | Found Veramo's General Store.
  2354 | D:2      | Found Alorr's Assorted Antiques.
  2756 | D:3      | Reached XP level 4. HP: 21/33 MP: 1/10
  3275 | D:3      | Noticed Natasha
  3337 | D:3      | HP: 1/33 [Natasha (7)]
  3342 | D:3      | Killed Natasha
  3345 | D:3      | Slain by a gnoll

Illustrated notes

Levels and vault maps discovered:
D:1:      evilmike_arrival_rings, layout_loops_cross
D:2:      layout_basic, serial_shops, shop, shop, shop, shop,
          amcnicky_mini_pool_small
D:3:      layout_rooms, uniq_natasha

Skill      XL: |  1  2  3  4 |
---------------+-------------+-----
Stealth        | 2 |  2.2
Dodging        | 2 |  2.1
Spellcasting   | 2 3 |  3.1
Conjurations   | 4 |  4.6

Action                     |  1- 3 |  4- 6 || total
---------------------------+-------+-------++-------
  Melee: Unarmed           |    68 |       ||    68
         Short sword       |    47 |    84 ||   131
   Cast: Magic Dart        |    93 |     8 ||   101
    Use: Potion            |       |     5 ||     5
 Armour: Robe              |    11 |       ||    11
         Scale mail        |    21 |       ||    21
         Chain mail        |    47 |    80 ||   127
         Skin              |       |     5 ||     5
  Dodge: Dodged            |   101 |    30 ||   131

Table legend: (Time is in decaauts)
 A = Elapsed time spent in this place.
 B = Non-inter-level travel time spent in this place.
 C = Inter-level travel time spent in this place.
 D = Time resting spent in this place.
 E = Time spent auto-exploring this place.
 F = Levels seen in this place.
 G = Mean time per level.
                   A        B        C        D        E       F      G
               +--------+--------+--------+--------+--------+-----+--------+
         Total |   3354 |   3096 |    258 |    292 |   2214 |   3 | 1118.0 |
       Dungeon |   3354 |   3096 |    258 |    292 |   2214 |   3 | 1118.0 |
               +--------+--------+--------+--------+--------+-----+--------+

Top non-repeatable levels by time:
     D:1: 1566 daAuts
     D:2: 1472 daAuts
     D:3: 316 daAuts
